AoeStats
← KaRaKaPLaN

Fortress

510573341Analyzed
1v1 RM · 23h ago on Oct 1, 2026· 48m 42s· 2 players
Game mode
Random Map
Map size
Small (3 player)
Population
200
Speed
Normal
Resources
Standard
Victory
Conquest
Starting age
Dark Age
Ending age
Imperial Age
RankedLock teamsTeams togetherTeam positionsShared explorationLock speedFull tech treeHidden civsTurbo modeCheats
Victory
Defeat
🇹🇷 Maya · Türkiye
1317
+17
🇨🇱 Sicilians · Chile
1344
-17
KaRaKaPLaN
4:31 Loom
7:05 Feudal Age
9:23 Double-Bit Axe
11:46 Castle Age
10:36 Horse Collar
11:33 Wheelbarrow
10:45 Town Watch
13:16 Bow Saw
17:08 Fervor
25:10 Imperial Age
24:13 Fletching
24:23 Padded Archer Armor
24:35 Forging
24:25 Scale Mail Armor
23:49 Eagle Warrior
24:30 Squires
24:15 Arson
25:22 Bodkin Arrow
27:08 Leather Archer Armor
27:29 Iron Casting
27:19 Pikeman
27:20 Elite Eagle Warrior
28:29 Halberdier
29:57 Chain Mail Armor
29:43 Bracer
31:24 Two-Man Saw
32:04 Holcans
31:56 Conscription
34:19 Blast Furnace
33:50 Plate Mail Armor
34:23 Blast Furnace
34:14 Hand Cart
33:59 Town Patrol
41:05 Ring Archer Armor
40:50 Elite Plumed Archer
42:06 Hoardings
43:58 Capped Ram
44:52 Siege Ram
47:02 Ballistics
47:42 Chemistry
46:54 Masonry
46:39 Murder Holes
46:55 Fortified Wall
IronWill
7:23 Feudal Age
12:00 Castle Age
9:55 Double-Bit Axe
10:19 Horse Collar
18:12 Loom
18:57 Gold Mining
20:54 Bow Saw
21:27 Wheelbarrow
24:55 Imperial Age
22:42 Bloodlines
23:11 Scale Barding Armor
23:47 Husbandry
24:11 Forging
25:25 Gold Shaft Mining
24:52 Heavy Plow
26:42 Iron Casting
26:31 Chain Barding Armor
26:28 Fletching
26:18 Cavalier
27:58 Hand Cart
28:35 Iron Casting
28:46 Crop Rotation
28:46 Conscription
30:35 Chemistry
30:39 Plate Barding Armor
30:28 Heavy Scorpion
30:46 Light Cavalry
32:18 Hauberk
33:48 Masonry
35:09 Blast Furnace
40:11 Scale Mail Armor
39:42 Elite Skirmisher
41:51 Crossbowman
Connection lost

Rejoining the realm…

Still unreachable

The connection could not be restored.

Session expired

The server has moved on; the page needs a fresh start.